 Dungeon Crawl Stone Soup version 0.17-a0-1397-g0eee0a3 (webtiles) character file.

60391 bal the Covert (level 14, 0/74 HPs)
             Began as a Vine Stalker Monk on June 17, 2015.
             Was the Champion of Okawaru.
             Hit by a large rock thrown by a stone giant (23 damage)
             ... on level 1 of the Depths.
             The game lasted 01:56:02 (13994 turns).

bal the Covert (Vine Stalker Monk)                 Turns: 13994, Time: 01:56:02

Health: 0/74       AC: 19    Str: 16    XL:     14   Next: 99%
Magic:  0/26       EV: 24    Int: 10    God:    Okawaru [******]
Gold:   303        SH:  0    Dex: 22    Spells: 2 memorised, 26 levels left

rFire  . . .     SeeInvis .     N - +3 short sword (drain)
rCold  . . .     Clarity  .     y - +1 ring mail "Lubienom" {rCorr Dex+2}
rNeg   . . .     SustAt   .     (no shield)
rPois  .         Gourm    .     E - +2 hat
rElec  .         Spirit   +     i - +2 cloak {+Inv}
rCorr  +         Warding  .     k - +2 pair of gloves
rMut   .         Stasis   .     R - +0 pair of boots
MR     +....                    c - amulet of regeneration
Stlth  ++++++++..               H - ring of stealth
                                q - +4 ring of slaying

@: about to teleport, heroism, very slightly contaminated, somewhat resistant to
hostile enchantments, extraordinarily stealthy
A: fangs 3, regeneration 3, magic shield, antimagic bite, no device heal 3, rot
immunity
a: Heroism, Finesse, Renounce Religion, Evoke Invisibility


You were on level 1 of the Depths.
You worshipped Okawaru.
Okawaru was exalted by your worship.
You were not hungry.

You visited 2 branches of the dungeon, and saw 16 of its levels.
You also visited: Bailey.

You collected 788 gold pieces.
You spent 485 gold pieces at shops.

Inventory:

Hand weapons
 a - a +2 rapier of electrocution
 b - a +2 hunting sling of freezing
 r - a +3 quick blade
 F - a +1 dagger of flaming
 N - a +3 short sword of draining (weapon)
 W - a +0 triple sword of protection
 X - a +2 great sword of flaming
 Y - a +1 falchion of holy wrath
Missiles
 n - 12 poisoned sling bullets
 w - 47 sling bullets
 O - 2 poisoned javelins
 Q - 8 silver tomahawks (quivered)
Armour
 i - a +2 cloak of invisibility (worn)
 k - a +2 pair of gloves (worn)
 m - an ice dragon hide
 v - a +2 robe of positive energy
 y - the +1 ring mail "Lubienom" (worn) {rCorr Dex+2}
   (You found it on level 7 of the Dungeon)

   It affects your dexterity (+2).
   It protects you from acid and corrosion.
 E - a +2 hat (worn)
 R - a +0 pair of boots (worn)
Rods
 o - a +2 rod of clouds (14/14)
   (You took it off a kobold in a bailey)
Jewellery
 c - an amulet of regeneration (around neck)
 q - a +4 ring of slaying (left hand)
 s - an uncursed ring of wizardry
 u - an uncursed ring of positive energy
 C - an uncursed ring of see invisible
 D - a cursed ring of loudness {unknown}
 G - an uncursed ring of poison resistance
 H - a ring of stealth (right hand)
 K - an uncursed ring of protection from magic
Magical devices
 f - a wand of enslavement (0)
 l - a wand of fire (0)
 p - a wand of digging (5)
 t - a wand of polymorph (11)
 x - a wand of flame (1)
 z - a wand of flame (18)
 I - a wand of draining (0)
 L - a wand of slowing (25)
 P - a wand of frost (0)
 S - a wand of frost (0)
Scrolls
 e - 3 scrolls of teleportation
 h - 7 scrolls of remove curse
 U - a scroll of magic mapping
Potions
 J - 3 potions of curing
 V - a potion of agility
Books
 M - a book of Cantrips

   Spells                             Type                      Level
   a - Corona                         Hexes                        1
   b - Animate Skeleton               Necromancy                   1
   c - Summon Small Mammal            Summoning                    1
   d - Apportation                    Translocation                1
Miscellaneous
 A - a fan of gales (inert)
 B - a lamp of fire (inert)
Comestibles
 d - 7 meat rations
 g - 8 bread rations
 j - 3 chunks of flesh


   Skills:
 + Level 8.5(13.5) Fighting
 + Level 9.1(14.1) Short Blades
 + Level 2.5(8.4) Slings
 + Level 3.5(9.0) Throwing
 + Level 6.5(11.5) Armour
 + Level 9.7(14.7) Dodging
 + Level 14.1(19.1) Stealth
 + Level 5.8(10.8) Unarmed Combat
 + Level 7.6 Spellcasting
   Level 2.6 Charms
 + Level 2.2 Summonings
 + Level 6.8 Necromancy
 + Level 4.4 Invocations
 + Level 5.6 Evocations


You had 26 spell levels left.
You knew the following spells:

 Your Spells              Type           Power        Failure   Level  Hunger
a - Animate Skeleton      Necr           N/A          1%          1    None
b - Summon Small Mammal   Summ           #...         12%         1    None


Dungeon Overview and Level Annotations

Branches:
Dungeon (15/15)            Temple (0/1) D:5            Lair (0/8) D:11
    Orc (0/4) D:11         Vaults (0/5) D:13         Depths (1/5) D:15

Altars:
Ashenzari
Elyvilon
Gozag
Kikubaaqudgha
Makhleb
Nemelex Xobeh
Okawaru
Qazlal
Ru
Sif Muna
Trog
Vehumet
Xom
The Shining One

Shops:
D:8 (?[:   D:9 :   D:13 =

Portals:
Trove: D:13 (give 17 potions of curing)

Annotations:
D:13 Vault


Innate Abilities, Weirdness & Mutations

You have razor-sharp teeth.
You regenerate.
When hurt, damage is shared between your health and your magic reserves.
Your bite disrupts and absorbs the magic of your enemies.
Potions and wands cannot restore your health.
You are immune to rotting.


Message History

You hear some strange, mumbled words.
There is an open door here.
Read which item? (? for menu, Esc to quit)
As you read the scroll of teleportation, it crumbles to dust.
You feel strangely unstable. The ice dragon breathes frost at you.
The blast of cold hits you!
* * * LOW HITPOINT WARNING * * *
You hear some strange, mumbled words.
The ogre mage misses you.
You hear a horrible gurgling sound! x2
An ogre comes into view. It is wielding a giant club.
The ice dragon barely misses you.
The ice dragon claws you but does no damage.
The ice dragon tramples you but does no damage.
A purple ugly thing comes into view.
The purple ugly thing moves out of view.
A stone giant comes into view.
The stone giant throws a large rock.
The large rock hits you!!
You die...

#.....#...#.O#
.##D.g.#.##+##
#.CD.CD...#..#
#......#....#..#
#..##'###.C.....#### ...
#..##.gO§......# .#.
#..##O.##.####.###
.....##..D'O............
.......@..#........#####
..................##
.................##
....##+##........# ...
##.......# .. #.......#
. #..###### #.## #


You could see 3 ice dragons, a stone giant, an ogre mage, a two-headed ogre, an
ogre and a boggart.

Vanquished Creatures
  Jorgrun (Depths:1)
  Rupert (D:13)
  Frances (D:14)
  Kirke (D:14)
  An ettin (D:15)
  Snorg (D:14)
  2 fire dragons (Depths:1)
  8 vault guards (D:13)
  3 hydras
  2 rakshasas
  4 centaur warriors
  2 tengu warriors
  Nergalle (D:11)
  A deep elf knight (D:15)
  An unseen horror (D:10)
  9 hill giants
  A necromancer (Depths:1)
  An orc sorcerer (D:15)
  A griffon (D:15)
  18 ugly things
  2 wolf spider zombies
  A stone giant zombie (Depths:1)
  3 centaur zombies
  2 cyclopes
  2 kobold demonologists (D:14)
  3 spriggan zombies (Depths:1)
  6 yaktaurs
  A centaur skeleton (D:15)
  An efreet (D:13)
  2 tengu conjurers
  3 trolls
  10 slime creatures
  A merfolk (D:12)
  A queen bee (shapeshifter) (D:13)
  4 two-headed ogres
  Sigmund (D:3)
  6 deep elf magi
  A shadow (D:12)
  2 vampires
  An ettin skeleton (Depths:1)
  11 yaks
  2 hungry ghosts
  A hippogriff (D:11)
  A wyvern (D:14)
  3 hogs (D:14)
  The ghost of Aiteri the Shield-Bearer, an average HOFi (D:3)
  2 wraiths
  Menkaure (D:7)
  A mottled dragon (D:13)
  4 vampire mosquitoes (D:14)
  A sky beast (D:11)
  10 orc warriors
  7 ogres
  2 phantoms
  3 ice beasts
  3 necrophages
  9 boggarts
  6 centaurs
  7 giant frogs
  6 big kobolds
  2 scorpions
  6 killer bees (D:9)
  A wyvern skeleton (D:8)
  5 wights (D:15)
  2 crimson imps
  3 giant frog zombies
  A giant frog skeleton (D:6)
  6 hounds
  3 jellies
  5 orc priests
  8 orc wizards
  3 worker ants
  Natasha (D:2)
  7 iguanas
  3 yak simulacra (D:15)
  3 polar bear simulacra (D:15)
  A wolf simulacrum (D:15)
  3 hound zombies
  A hound skeleton (D:7)
  A worker ant zombie (D:8)
  9 gnolls
  16 adders
  A river rat (D:9)
  A shadow imp (D:6)
  2 oozes
  An adder skeleton (D:4)
  2 adder zombies (D:6)
  4 worms
  44 orcs
  2 ball pythons
  3 giant cockroaches
  15 hobgoblins
  9 jackals
  A quokka (D:2)
  13 bats
  8 giant geckos
  6 giant newts
  11 goblins
  40 kobolds
  A quokka skeleton (D:4)
  14 rats
  A river rat simulacrum (D:15)
463 creatures vanquished.

Vanquished Creatures (collateral kills)
  A fire giant (Depths:1)
  A hydra (D:14)
  An ogre mage (D:15)
  A yaktaur (D:15)
  A tengu conjurer (Depths:1)
  A basilisk (shapeshifter) (D:15)
  5 centaurs
  An orc warrior (D:11)
  A crimson imp (D:14)
  2 worker ants
  A wolf simulacrum (D:15)
  2 gnolls (D:9)
  An adder (D:10)
  A shadow imp (D:10)
  2 orcs
  A quokka (D:11)
  6 kobolds
  2 river rat simulacra (D:15)
31 creatures vanquished.

Vanquished Creatures (others)
  Erica (D:9)
  A necromancer (D:15)
  An orc (D:6)
  A quokka (D:6)
  A kobold (D:11)
  A plant (D:11)
6 creatures vanquished.

Grand Total: 500 creatures vanquished

Notes
Turn   | Place    | Note
--------------------------------------------------------------
     0 | D:1      | bal the Vine Stalker Monk began the quest for the Orb.
     0 | D:1      | Reached XP level 1. HP: 11/11 MP: 2/2
   305 | D:1      | Reached XP level 2. HP: 16/16 MP: 3/3
   630 | D:2      | Reached XP level 3. HP: 8/19 MP: 4/4
   777 | D:2      | Reached XP level 4. HP: 2/24 MP: 2/5
  1191 | D:2      | Found a sacrificial altar of Ru.
  1389 | D:2      | Noticed Natasha
  1401 | D:2      | Killed Natasha
  1558 | D:3      | Noticed Sigmund
  1609 | D:2      | Reached XP level 5. HP: 28/28 MP: 6/6
  1798 | D:3      | Found an opulent altar of Gozag.
  1835 | D:3      | Noticed Aiteri's ghost (average HOFi)
  1991 | D:4      | Reached skill level 5 in Unarmed Combat
  2122 | D:4      | Found a bloodstained altar of Trog.
  2122 | D:4      | Found a shimmering altar of Xom.
  2141 | D:4      | Found a glowing golden altar of the Shining One.
  2673 | D:5      | Entered Level 5 of the Dungeon
  2763 | D:5      | Found an iron altar of Okawaru.
  2765 | D:5      | Found a staircase to the Ecumenical Temple.
  2771 | D:5      | Became a worshipper of Warmaster Okawaru
  2771 | D:5      | Acquired Okawaru's first power
  2937 | D:5      | Reached skill level 5 in Dodging
  2937 | D:5      | Reached skill level 6 in Stealth
  2937 | D:5      | Gained mutation: You heal very quickly. [Vine Stalker growth]
  2937 | D:5      | Reached XP level 6. HP: 31/33 MP: 6/10
  3258 | D:5      | Noticed an ice beast
  3266 | D:5      | Killed an ice beast
  3266 | D:5      | Reached skill level 7 in Stealth
  3266 | D:5      | Reached XP level 7. HP: 37/37 MP: 11/11
  3501 | D:5      | Noticed a centaur zombie
  3518 | D:5      | Killed a centaur zombie
  3518 | D:5      | Gained mutation: You have razor-sharp teeth. [Vine Stalker growth]
  3518 | D:5      | Reached XP level 8. HP: 35/42 MP: 9/12
  3616 | D:6      | Reached skill level 8 in Stealth
  3899 | D:6      | Found a shattered altar of Ashenzari.
  3909 | D:6      | Found a white marble altar of Elyvilon.
  4380 | D:6      | Found a white marble altar of Elyvilon.
  4388 | D:6      | Reached XP level 9. HP: 46/46 MP: 13/13
  4672 | D:7      | Noticed Menkaure
  4677 | D:7      | Killed Menkaure
  4677 | D:7      | Reached skill level 9 in Stealth
  4730 | D:7      | Got a bloodstained ring mail
  4731 | D:7      | Identified the +1 ring mail "Lubienom" {rCorr Dex+2} (You found it on level 7 of the Dungeon)
  4830 | D:7      | Found a flagged portal.
  4846 | Bailey   | Entered a bailey
  5109 | Bailey   | Found a burning altar of Makhleb.
  5556 | D:7      | Found a deep blue altar of Sif Muna.
  6060 | D:3      | Killed Aiteri's ghost
  6083 | D:3      | Found a sacrificial altar of Ru.
  6178 | D:3      | Found a stormy altar of Qazlal.
  6250 | D:3      | Found an ancient bone altar of Kikubaaqudgha.
  6251 | D:3      | Found a sparkling altar of Nemelex Xobeh.
  6468 | D:3      | Killed Sigmund
  6574 | D:8      | Reached XP level 10. HP: 51/51 MP: 14/14
  6575 | D:8      | Found Qoengus's Antique Armour Shop.
  6707 | D:8      | Found Haghakk's Magic Scroll Shop.
  6738 | D:8      | Found Wihod's Book Emporium.
  6798 | D:8      | Found Nemudoets's Armour Boutique.
  6927 | D:8      | Found Raarachi's Weapon Emporium.
  7235 | D:8      | Bought a book of Cantrips for 260 gold pieces
  7237 | D:8      | Learned a level 1 spell: Animate Skeleton
  7243 | D:9      | Reached skill level 5 in Short Blades
  7243 | D:9      | Reached skill level 10 in Stealth
  7270 | D:9      | Acquired Okawaru's second power
  7372 | D:9      | Found a burning altar of Makhleb.
  7409 | D:9      | Received a gift from Okawaru
  7585 | D:9      | Found Liubobb's Book Shop.
  7756 | D:9      | Reached skill level 5 in Fighting
  7874 | D:9      | Noticed Erica
  7884 | D:9      | Erica (ally) was killed
  7884 | D:9      | Your ally died
  7905 | D:9      | Reached skill level 1 in Necromancy
  7989 | D:9      | Found a radiant altar of Vehumet.
  8024 | D:9      | Learned a level 1 spell: Summon Small Mammal
  8029 | D:10     | Entered Level 10 of the Dungeon
  8276 | D:10     | Killed an unseen horror
  8276 | D:10     | Reached XP level 11. HP: 42/55 MP: 12/16
  8377 | D:10     | Reached skill level 1 in Summonings
  8801 | D:11     | Found a staircase to the Lair.
  8917 | D:11     | Noticed Nergalle
  8982 | D:11     | Found a staircase to the Orcish Mines.
  9126 | D:11     | Reached skill level 11 in Stealth
  9149 | D:11     | Killed Nergalle
  9268 | D:11     | Received a gift from Okawaru
  9351 | D:11     | Your ally Nergalle died
  9969 | D:13     | Found Zisch's Jewellery Boutique.
  9980 | D:13     | Bought an uncursed ring of see invisible for 225 gold pieces
 10016 | D:13     | Reached skill level 5 in Armour
 10091 | D:13     | Gained mutation: You regenerate. [Vine Stalker growth]
 10091 | D:13     | Reached XP level 12. HP: 57/60 MP: 17/19
 10232 | D:13     | Received a gift from Okawaru
 10253 | D:13     | Found a portal to a secret trove of treasure.
 10256 | D:13     | Noticed a hill giant
 10276 | D:13     | Noticed a vault guard
 10276 | D:13     | Noticed a vault guard
 10276 | D:13     | Noticed a vault guard
 10278 | D:13     | Noticed a vault guard
 10279 | D:13     | Noticed a vault guard
 10280 | D:13     | Noticed a vault guard
 10282 | D:13     | Noticed a vault guard
 10283 | D:13     | Killed a vault guard
 10284 | D:13     | Killed a vault guard
 10287 | D:13     | Killed a vault guard
 10287 | D:13     | Received a gift from Okawaru
 10291 | D:13     | Noticed a vault guard
 10291 | D:13     | Killed a vault guard
 10291 | D:13     | Received a gift from Okawaru
 10332 | D:13     | Noticed a five-headed hydra
 10342 | D:13     | Killed a five-headed hydra
 10404 | D:13     | Killed a hill giant
 10404 | D:13     | Received a gift from Okawaru
 10458 | D:13     | Reached skill level 12 in Stealth
 10520 | D:13     | Killed a vault guard
 10520 | D:13     | Reached skill level 5 in Spellcasting
 10538 | D:13     | Killed a vault guard
 10549 | D:13     | Noticed Rupert
 10590 | D:13     | Paralysed by Rupert for 4 turns
 10603 | D:13     | Killed Rupert
 10603 | D:13     | Received a gift from Okawaru
 10603 | D:13     | Reached skill level 5 in Evocations
 10649 | D:13     | Killed a vault guard
 10649 | D:13     | Received a gift from Okawaru
 10685 | D:13     | Found a gate to the Vaults.
 10773 | D:13     | Noticed a rakshasa
 10792 | D:13     | Your ally Rupert died
 10815 | D:13     | Killed a rakshasa
 10818 | D:13     | Killed a rakshasa
 10822 | D:13     | Killed a rakshasa
 10822 | D:13     | Reached skill level 5 in Necromancy
 10887 | D:13     | Killed a vault guard
 10887 | D:13     | Reached XP level 13. HP: 30/66 MP: 15/22
 10921 | D:13     | Noticed a six-headed hydra
 10923 | D:13     | Killed a six-headed hydra
 11288 | D:14     | Received a gift from Okawaru
 11593 | D:14     | Noticed Frances
 11609 | D:14     | Killed Frances
 11745 | D:14     | Noticed Snorg
 11759 | D:14     | Killed Snorg
 11812 | D:14     | Noticed Kirke
 12062 | D:14     | Killed Kirke
 12062 | D:14     | Received a gift from Okawaru
 12181 | D:14     | Found a deep blue altar of Sif Muna.
 12212 | D:14     | Reached XP level 14. HP: 61/72 MP: 25/25
 12230 | D:15     | Entered Level 15 of the Dungeon
 12259 | D:15     | Reached skill level 13 in Stealth
 12306 | D:15     | Noticed a six-headed hydra
 12313 | D:15     | Killed a six-headed hydra
 12716 | D:15     | Received a gift from Okawaru
 12724 | D:15     | Found a staircase to the Depths.
 12764 | Depths:1 | Entered Level 1 of the Depths
 12766 | Depths:1 | Found a shimmering altar of Xom.
 13039 | D:15     | Received a gift from Okawaru
 13664 | Depths:1 | Reached skill level 14 in Stealth
 13767 | Depths:1 | Noticed a fire giant
 13781 | Depths:1 | Killed a fire giant
 13842 | Depths:1 | Noticed a quicksilver dragon
 13842 | Depths:1 | Noticed a tentacled monstrosity
 13842 | Depths:1 | Noticed a caustic shrike
 13895 | Depths:1 | Noticed Jorgrun
 13905 | Depths:1 | Killed Jorgrun
 13990 | Depths:1 | Noticed a stone giant
 13991 | Depths:1 | Noticed a fire giant
 13994 | Depths:1 | Noticed a stone giant
 13994 | Depths:1 | Hit by a large rock thrown by a stone giant

Vault maps used:
D:1:      onia_arrival_pentagram
D:2:      lemuel_doored_altar, minmay_item_behind_shaft, uniq_natasha
D:3:      old_standard_altar, gammafunk_temple_overflow_pools,
          lemuel_crystal_altar, first_bread, nicolae_ru_sacrificial_ziggurat,
          uniq_sigmund
D:4:      tso_metal_star, grunt_temple_overflow_open
D:5:      kennysheep_mini_moat, minmay_temple_entry_mist,
          minmay_misc_feat_pillars, hangedman_glass_teeth, st_stairs_11,
          kennysheep_generic_room_12
D:6:      kennysheep_mini, nicolae_overflow_crystal_walls, elyvilon_altar_4
D:7:      lemuel_crystal_altar, enter_bailey_2, uniq_menkaure
D:8:      serial_shops, nicolae_shop_crystal, shop, shop, shop, shop
D:9:      grunt_temple_overflow_lords_of_destruction, serial_shops, shop,
          uniq_erica
D:11:     dpeg_oklobed_lair, orc_0_dummy, uniq_nergalle
D:12:     hangedman_fish_farm
D:13:     erik_vaults_2, nicolae_trove_entry_crossroad, serial_shops, shop,
          uniq_rupert
D:14:     lemuel_blue_sif_altar, uniq_snorg, uniq_frances, uniq_kirke
D:15:     hangedman_depths_entry_civil_slaughter, moated_statue,
          eino_house_with_fridge
Depths:1: minmay_octagon_city, serial_shops, statue_bzr, minmay_misc_feat_tower,
          lightli_too_deep, serial_sigils_hangedman_gnaw, nrook_pool_corridor,
          xom_teletrap_fun, uniq_jorgrun
Bailey:   bailey_axe_3, bailey

Action                   |  1- 3 |  4- 6 |  7- 9 | 10-12 | 13-15 || total
-------------------------+-------+-------+-------+-------+-------++-------
Melee: Unarmed           |    86 |    46 |       |       |       ||   132
       Dagger            |       |   140 |   294 |   224 |       ||   658
       Rapier            |       |       |       |   249 |   176 ||   425
       Quick blade       |       |       |       |       |   334 ||   334
       Short sword       |       |       |       |       |    22 ||    22
 Fire: Hunting sling     |       |       |     2 |     2 |       ||     4
Throw: Tomahawk          |       |       |     6 |     8 |     5 ||    19
       Javelin           |       |       |     6 |     1 |       ||     7
 Cast: Animate Skeleton  |       |       |       |    42 |    43 ||    85
       Summon Small Mamm |       |       |       |     8 |       ||     8
Invok: Heroism           |       |       |     2 |     5 |     7 ||    14
       Finesse           |       |       |       |       |     3 ||     3
 Abil: Evoke Invisibilit |     1 |       |       |       |     1 ||     2
Evoke: Wand              |       |       |     5 |    32 |    18 ||    55
       Lamp of fire      |       |       |       |     2 |     2 ||     4
       Fan of gales      |       |       |       |       |     1 ||     1
  Use: Potion            |     1 |     2 |     4 |     6 |     4 ||    17
       Scroll            |       |    11 |     4 |    17 |     6 ||    38
 Stab: Sleeping          |     5 |    16 |    25 |    25 |    26 ||    97
       Distracted        |       |       |     3 |     3 |     6 ||    12
       Invisible         |       |       |       |       |     3 ||     3
  Eat: Fruit             |       |     7 |       |     8 |       ||    15
       Chunk             |       |     1 |     2 |     2 |     2 ||     7
       Meat ration       |       |     1 |     2 |     1 |       ||     4
       Royal jelly       |       |       |       |     1 |       ||     1
       Beef jerky        |       |       |       |       |     4 ||     4
       Bread ration      |       |       |       |       |     2 ||     2
